 Dungeon Crawl Stone Soup version 0.30-a0-266-g2b27a225a3 (webtiles) character file.

Game seed: 11761960308510838517

75334 Essalna the Warrior (level 15, 0/104 HPs)
             Began as a Gargoyle Venom Mage on Oct 13, 2022.
             Was the Champion of Kikubaaqudgha.
             Slain by dziebel133's ghost (25 damage)
             ... on level 12 of the Dungeon on Oct 14, 2022.
             The game lasted 02:03:44 (31928 turns).

Essalna the Warrior (Gargoyle Venom Mage)          Turns: 31928, Time: 02:03:45

Health: 0/104      AC: 30    Str: 14    XL:     15   Next: 49%
Magic:  3/23       EV: 12    Int: 23    God:    Kikubaaqudgha [******]
Gold:   1951       SH:  4    Dex: 10    Spells: 4/24 levels left

rFire   + . .      SeeInvis .    X - staff of death
rCold   + . .      Faith    .    P - +0 buckler {AC+3}
rNeg    + + .      Spirit   .    I - +2 robe {rC+ rF+}
rPois   ∞          Reflect  .    g - +1 hat {Will+}
rElec   +          Harm     .    V - +2 cloak {Stlth+}
rCorr   .          Rampage  .    (no gloves)
Will    ++...                    d - +2 pair of boots of Philately {+Blink rF- Str+2}
Stlth   +++.......               A - amulet of regeneration
HPRegen 1.17/turn                R - +4 ring of protection
MPRegen 0.18/turn                y - ring of protection from fire

@: about to teleport, flying, studying Earth Magic
A: sickness immunity, AC +11, big wings, negative energy resistance 1,
electricity resistance, torment resistance 1, petrification resistance
a: Renounce Religion, Evoke Blink, Unearth Wretches, Torment, Brand Weapon With
Pain, Receive Forbidden Knowledge


You were on level 12 of the Dungeon.
You worshipped Kikubaaqudgha.
Kikubaaqudgha was exalted by your worship.
You visited 3 branches of the dungeon, and saw 19 of its levels.
You also visited: Gauntlet.

You collected 3281 gold pieces.
You spent 1330 gold pieces at shops.

Inventory:

Hand Weapons
 c - a +1 spear of electrocution
Missiles
 Q - a throwing net
Armour
 d - the +2 pair of boots of Philately (worn) {+Blink rF- Str+2}
   (You bought it in a shop on level 1 of the Dungeon)

   Str:       It affects your strength (+2).
   rF:        It makes you vulnerable to fire.
   +Blink:    It lets you blink.
 g - a +1 hat of willpower (worn)
 o - a +2 leather armour of fire resistance
 s - a +2 hat
 B - a +0 pair of boots
 I - a +2 robe of resistance (worn)
 P - a +0 buckler of protection (worn)
 V - a +2 cloak of stealth (worn)
 W - the +9 tower shield of the Prince of Darkness {rC+}
   (You found it in a Gauntlet)

   rC:        It protects you from cold.
 Y - a +1 robe of the Archmagi
Magical Staves
 E - a staff of fire {staff}
 U - a staff of conjuration
 X - a staff of death (weapon)
Jewellery
 h - a ring of resist corrosion
 u - a ring of wizardry
 y - a ring of protection from fire (right hand)
 z - an amulet of faith
 A - an amulet of regeneration (around neck)
 D - an amulet of guardian spirit
 L - a ring of fire
 R - a +4 ring of protection (left hand)
 S - the ring of Dudukuh {Contam rPois rN+ rCorr Dex+2}
   (You found it in a Gauntlet)

   [ring of positive energy]

   Dex:       It affects your dexterity (+2).
   rPois:     It protects you from poison.
   rN:        It protects you from negative energy.
   Contam:    It causes magical contamination when unequipped.
   rCorr:     It protects you from acid and corrosion.
 T - the ring "Bicut" {Fly rPois SInv Stlth+}
   (You found it in a Gauntlet)

   [ring of poison resistance]

   rPois:     It protects you from poison.
   SInv:      It lets you see invisible.
   Fly:       It grants you flight.
   Stlth:     It makes you more stealthy.
Wands
 f - a wand of iceblast (9)
 m - a wand of light (4)
 w - a wand of charming (3)
 H - a wand of flame (11)
Scrolls
 e - 10 scrolls of identify
 i - 2 scrolls of fear
 j - 11 scrolls of teleportation
 t - 3 scrolls of noise
 v - a scroll of blinking
 x - 5 scrolls of vulnerability
 G - 2 scrolls of amnesia
 J - a scroll of summoning
 K - 2 scrolls of enchant weapon
 O - a scroll of poison
Potions
 a - 5 potions of brilliance {unknown}
 b - a potion of haste
 k - 5 potions of lignification {unknown}
 l - 5 potions of flight {unknown}
 n - 2 potions of mutation {unknown}
 p - 2 potions of cancellation {unknown}
 q - 2 potions of resistance {unknown}
 r - 3 potions of might {unknown}
 C - 3 potions of attraction {unknown}
 F - a potion of berserk rage {unknown}
 M - 5 potions of curing
 N - a potion of degeneration {unknown}


   Skills:
 + Level 15.8 Fighting
 - Level 6.0 Armour
 - Level 4.0 Dodging
 + Level 3.4 Stealth
 + Level 3.4 Shields
 + Level 5.3 Spellcasting
 - Level 6.1 Hexes
 + Level 11.2 Necromancy
 - Level 0.7 Transmutations
 + Level 13.6 Earth Magic
 - Level 9.3 Poison Magic
 - Level 4.0 Evocations


You had 4 spell levels left.
You knew the following spells:

 Your Spells              Type           Power      Damage    Failure   Level
a - Sting                 Tmut/Pois      100%       1d8       1%          1
b - Poisonous Vapours     Pois/Air       54%        N/A       2%          2
c - Olgreb's Toxic Radia  Pois           49%        N/A       2%          4
d - Anguish               Hex/Necr       31%        N/A       3%          4
e - Borgnjor's Vile Clut  Necr/Erth      38%        N/A       1%          5
f - Animate Dead          Necr           72%        N/A       1%          4

Your spell library contained the following spells:

 Spells                   Type           Power      Damage    Failure   Level
 Kiss of Death            Conj/Necr      100%       2d13      1%          1
 Necrotise                Necr           100%       1d9       1%          1
 Dispel Undead            Necr           72%        3d24      1%          4
 Confusing Touch          Hex            34%        N/A       3%          3
 Mephitic Cloud           Conj/Pois/Air  20%        N/A       10%         3
 Cause Fear               Hex            17%        N/A       10%         4
 Dazzling Flash           Conj/Hex       40%        N/A       11%         3
 Inner Flame              Hex/Fire       20%        N/A       11%         3
 Summon Guardian Golem    Hex/Summ       20%        N/A       11%         3
 Blink                    Tloc           12%        N/A       19%         2
 Scorch                   Fire           12%        2d5       19%         2
 Static Discharge         Conj/Air       12%        2-3/arc   19%         2
 Gell's Gravitas          Tloc           6%         N/A       34%         3
 Lesser Beckoning         Tloc           12%        N/A       34%         3
 Teleport Other           Tloc           6%         N/A       34%         3
 Vhi's Electric Charge    Tloc/Air       12%        N/A       34%         3
 Flame Wave               Conj/Fire      6%         2d5       75%         4
 Iskenderun's Mystic Bla  Conj/Tloc      6%         2d4       75%         4
 Manifold Assault         Tloc           6%         N/A       75%         4
 Sticky Flame             Conj/Fire      6%         2d3       75%         4
 Agony                    Necr           72%        N/A       3%          5
 Death Channel            Necr           36%        N/A       19%         6
 Simulacrum               Ice/Necr       23%        N/A       88%         6
 Arcjolt                  Conj/Air       3%         1d13      97%         5
 Lightning Bolt           Conj/Air       3%         1d14      97%         5
 Starburst                Conj/Fire      3%         6d3       100%        6
 Summon Cactus Giant      Summ           3%         N/A       100%        6
 Orb of Destruction       Conj           3%         9d5       100%        7
 Spellforged Servitor     Conj/Summ      3%         N/A       100%        7
 Storm Form               Tmut/Air       3%         N/A       100%        7
 Discord                  Hex            17%        N/A       100%        8
 Statue Form              Tmut/Erth      Unusable   N/A       N/A         6

Dungeon Overview and Level Annotations

Branches:
Dungeon (12/15)            Temple (0/1) D:6            Lair (5/5) D:10
  Swamp (0/4) Lair:3        Snake (0/4) Lair:2        Slime (0/5) Lair:4
    Orc (2/2) D:12            Elf (0/3) Orc:2       Gauntlet (visited)

Altars:
Ashenzari
Elyvilon
Fedhas
Kikubaaqudgha
Makhleb
Qazlal
Trog
Uskayaw
Xom
Jiyva

Shops:
D:1 [   D:4 **   D:5 *   D:6 (   D:8 *   D:12 :*[*[   Orc:2 *(*=*

Portals:
Hell: Lair:5

Annotations:
D:3 1 runed translucent door, Crazy Yiuf
D:12 dziebel133's ghost, journeyman TrFi
Lair:1 wamuu's ghost, journeyman MiBe
Orc:2 Azrael


Innate Abilities, Weirdness & Mutations

You are immune to sickness and miasma.
Your stone body is resilient. (AC +11)
You are immune to poison.
Your large and strong wings let you fly.
You resist negative energy. (rN+)
You are resistant to electric shocks. (rElec)
You are resistant to unholy torment.
You are immune to petrification.


Message History

The kobold brigand flickers and vanishes!
Deactivating autopickup; reactivate with Ctrl-A.
Dziebel133's ghost hits you but does no damage.
The kobold demonologist mumbles some strange words.
Dziebel133's ghost hits you but does no damage.
You hit dziebel133's ghost but do no damage.
Dziebel133's ghost is heavily damaged.
The kobold demonologist looks even sicker.
Your toxic aura wanes.
The kobold demonologist begins to cast a cantrip, but forgets the words!
Dziebel133's ghost closely misses you.
You hit dziebel133's ghost but do no damage.
Dziebel133's ghost is heavily damaged.
The kobold demonologist miscasts a cantrip.
Dziebel133's ghost hits you!
Dziebel133's ghost is wracked by anguish!
You hit dziebel133's ghost.
Dziebel133's ghost is severely damaged.
The kobold demonologist casts a spell.
Dziebel133's ghost hits you but does no damage.
The kobold demonologist hits you from afar with a +0 trident.
You closely miss dziebel133's ghost.
Dziebel133's ghost is severely damaged.
You block dziebel133's ghost's attack.
The kobold demonologist hits you but does no damage.
Dziebel133's ghost closely misses you.
You hit dziebel133's ghost but do no damage.
Dziebel133's ghost is severely damaged.
The kobold demonologist hits you but does no damage.
Dziebel133's ghost hits you!
* * * LOW HITPOINT WARNING * * *
Dziebel133's ghost is wracked by anguish!
Okay, then.
Unknown command.
As you read the scroll of teleportation, it crumbles to dust.
You feel strangely unstable.
The kobold demonologist hits you but does no damage.
Dziebel133's ghost hits you!!
You die...
Kikubaaqudgha rasps: "You have failed me!
Welcome... oblivion!"

...# ####.# ...#
#..###############
...#############.##~⌠~##.........
.................#.....##........
.....∩..........)).###..#........
###############3{'.....!#########
##KK4###.)# #W#.....#
#@##~⌠~###########
################..#####..........
.................................
................###############.#
................############.##.#
................##...#.#..#..#.#.
...................#.#...##......
................#.#...)..#.#.#).#
................#####[[#####.#.#.


You could see a kobold demonologist (poisoned), a neqoxec (summoned), a chaos
spawn (summoned), a kobold brigand (very poisoned) and dziebel133's ghost
(anguished).

Vanquished Creatures
  Gastronok (Lair:1)
  A minotaur (Gauntlet)
  Snorg (Orc:2)
  An ettin (Orc:1)
  The ghost of hotpinklipstick the Spear-Bearer, a journeyman OpCK of Hepliaklqana (Lair:4)
  Josephine (Lair:5)
  A hydra (Lair:5)
  A catoblepas (Lair:3)
  A ghost crab (Gauntlet)
  A boulder beetle (Lair:2)
  2 two-headed ogres
  10 death yaks
  A thrashing horror (Gauntlet)
  An orc high priest (Orc:2)
  A sun demon (Lair:5)
  A wizard (Lair:5)
  5 orc sorcerers
  An orc knight (D:12)
  2 cyclopes (D:12)
  2 manticores (D:12)
  A smoke demon (Lair:5)
  10 elephants
  8 black mambas
  2 orange demons (Lair:5)
  13 cane toads
  2 unseen horrors (D:11)
  9 komodo dragons
  3 kobold demonologists
  3 rime drakes
  2 ice devils (Lair:5)
  A red devil (Lair:5)
  8 trolls
  3 polar bears
  16 blink frogs
  Prince Ribbit (D:5)
  10 slime creatures
  5 dream sheep (Lair:3)
  Sigmund (D:2)
  5 wyverns
  A spriggan (Lair:1)
  A fire elemental (Orc:1)
  53 yaks
  7 wraiths
  A basilisk (Lair:2)
  4 vampire mosquitoes (D:12)
  3 steam dragons
  6 wargs
  4 nagas (Lair:2)
  7 hell hounds
  17 water moccasins
  25 orc warriors
  3 black bears
  4 ice beasts
  8 ogres
  8 centaurs
  10 wolves (Lair:2)
  12 kobold brigands
  2 necrophages
  15 bullfrogs
  4 scorpions
  9 wights
  9 killer bees
  2 howler monkeys (D:8)
  4 small abominations (Gauntlet)
  2 hounds
  24 orc priests
  4 jellies
  3 gnoll boudas
  Ijyb (D:3)
  Jessica (D:3)
  8 iguanas
  28 orc wizards
  14 gnolls
  7 adders
  A white imp (D:6)
  An ufetubus (D:5)
  A worm (D:2)
  4 dart slugs
  92 orcs
  5 ball pythons
  13 endoplasms
  3 giant cockroaches
  8 goblins
  8 hobgoblins
  8 jackals
  4 quokkas
  3 bats
  3 frilled lizards
  27 kobolds
  2 rats (D:1)
633 creatures vanquished.

Vanquished Creatures (collateral kills)
  An elephant (Lair:5)
  A hell hound (Lair:5)
  2 water moccasins (Lair:5)
  A wolf (Lair:5)
5 creatures vanquished.

Vanquished Creatures (others)
  An orc knight (Orc:2)
  2 black mambas (Lair:1)
  3 elephants
  4 cane toads
  2 gargoyles
  2 komodo dragons
  2 polar bears
  A hornet (Lair:1)
  2 blink frogs (Lair:3)
  A spriggan (Lair:1)
  A wyvern (Lair:1)
  A wraith (D:11)
  6 yaks
  An acid dragon (D:11)
  A cane toad zombie (Lair:5)
  3 water moccasins
  3 orc warriors
  A hell hound zombie (Lair:5)
  5 wights
  An orc (D:9)
  A bush (Lair:2)
  41 fungi
  49 plants
134 creatures vanquished.

Grand Total: 772 creatures vanquished

Notes
Turn   | Place    | Note
-------+----------+-------------------------------------------
     0 | D:1      | Essalna the Gargoyle Venom Mage began the quest for the
                  | Orb.
     0 | D:1      | Reached XP level 1. HP: 10/10 MP: 3/3
   188 | D:1      | Reached skill level 1 in Fighting
   188 | D:1      | Reached XP level 2. HP: 15/16 MP: 5/5
   271 | D:1      | Found Kyim's Antique Armour Shop.
   701 | D:1      | Reached XP level 3. HP: 20/21 MP: 6/6
   861 | D:2      | Reached skill level 2 in Fighting
   976 | D:2      | Noticed Sigmund
  1214 | D:2      | Learned a level 2 spell: Poisonous Vapours
  1400 | D:2      | Noticed a shining eye
  1410 | D:2      | Found a faded altar of an unknown god.
  1411 | D:2      | Noticed a golden eye
  1411 | D:2      | Noticed a floating eye
  1411 | D:2      | Noticed an eye of devastation
  1433 | D:2      | Reached XP level 4. HP: 27/27 MP: 7/7
  1909 | D:2      | Killed Sigmund
  1910 | D:2      | Reached skill level 4 in Fighting
  1910 | D:2      | Reached skill level 5 in Poison Magic
  1910 | D:2      | Reached XP level 5. HP: 19/33 MP: 2/8
  2012 | D:2      | Reached XP level 6. HP: 38/38 MP: 7/9
  2389 | D:3      | Noticed Ijyb
  2405 | D:3      | Killed Ijyb
  2725 | D:3      | Noticed Jessica
  2734 | D:3      | Killed Jessica
  3022 | D:3      | Found a runed translucent door.
  3023 | D:3      | Noticed Crazy Yiuf
  3217 | D:3      | Found an ancient bone altar of Kikubaaqudgha.
  3218 | D:3      | Found a stormy altar of Qazlal.
  3228 | D:3      | Reached skill level 5 in Fighting
  3246 | D:3      | Became a worshipper of Kikubaaqudgha
  3514 | D:4      | Reached skill level 1 in Armour
  3546 | D:3      | Reached XP level 7. HP: 42/44 MP: 8/10
  3702 | D:4      | Learned a level 4 spell: Olgreb's Toxic Radiance
  3798 | D:4      | Found Koicu's General Store.
  3799 | D:4      | Found Ypickaick's Specific Store.
  4146 | D:4      | Found a bloodstained altar of Trog.
  4456 | D:5      | Entered Level 5 of the Dungeon
  4494 | D:4      | Reached skill level 6 in Fighting
  4550 | D:5      | Found Nafar's Assorted Antiques.
  4633 | D:5      | Reached XP level 8. HP: 52/52 MP: 1/11
  4952 | D:5      | Found a hide-covered altar of Uskayaw.
  5065 | D:5      | Reached skill level 7 in Fighting
  5131 | D:5      | Reached * piety under Kikubaaqudgha
  5131 | D:5      | Received a gift from Kikubaaqudgha
  5138 | D:5      | Learned a level 4 spell: Anguish
  5199 | D:5      | Found a white marble altar of Elyvilon.
  5670 | D:5      | Reached skill level 1 in Hexes
  5838 | D:5      | Noticed Prince Ribbit
  5860 | D:5      | Killed Prince Ribbit
  5861 | D:5      | Reached skill level 1 in Necromancy
  6554 | D:6      | Found a staircase to the Ecumenical Temple.
  6589 | D:6      | Reached XP level 9. HP: 52/58 MP: 6/12
  6871 | D:6      | Reached skill level 8 in Fighting
  7003 | D:6      | Found Bahopp's Antique Weapon Boutique.
  7789 | D:7      | Found a blossoming altar of Fedhas.
  8785 | D:7      | Reached XP level 10. HP: 62/65 MP: 8/13
  9410 | D:8      | Reached skill level 9 in Fighting
  9418 | D:7      | Reached ** piety under Kikubaaqudgha
  9560 | D:7      | Reached skill level 5 in Armour
  9966 | D:8      | Found Yluz's General Store.
 10067 | D:8      | Noticed a kobold demonologist
 10079 | D:8      | Killed a kobold demonologist
 10355 | D:8      | Found a broken altar of Ashenzari.
 10843 | D:9      | Reached skill level 5 in Hexes
 10843 | D:9      | Reached *** piety under Kikubaaqudgha
 10843 | D:9      | Received a gift from Kikubaaqudgha
 11521 | D:10     | Entered Level 10 of the Dungeon
 11590 | D:10     | Upgraded the game from 0.30-a0-253-g6b895097cc to
                  | 0.30-a0-266-g2b27a225a3
 11726 | D:10     | Noticed a gargoyle
 11733 | D:10     | Killed a gargoyle
 11733 | D:10     | Reached **** piety under Kikubaaqudgha
 11734 | D:10     | Reached skill level 5 in Necromancy
 11734 | D:10     | Reached XP level 11. HP: 42/72 MP: 5/15
 11850 | D:10     | Reached skill level 10 in Fighting
 12209 | D:10     | Found a staircase to the Lair.
 12510 | D:10     | Learned a level 5 spell: Borgnjor's Vile Clutch
 12754 | D:10     | Reached skill level 1 in Earth Magic
 13016 | D:10     | Noticed a two-headed ogre
 13040 | D:10     | Killed a two-headed ogre
 13206 | Lair:1   | Entered Level 1 of the Lair of Beasts
 13759 | Lair:1   | Reached skill level 11 in Fighting
 13852 | Lair:1   | Found a shimmering altar of Xom.
 14107 | Lair:1   | Noticed Gastronok
 14232 | Lair:1   | Killed Gastronok
 14233 | Lair:1   | Reached skill level 5 in Earth Magic
 14233 | Lair:1   | Reached XP level 12. HP: 57/80 MP: 1/18
 14507 | Lair:1   | Noticed wamuu's ghost (journeyman MiBe)
 14510 | Lair:1   | Found a transporter.
 14513 | Lair:1   | Found a bloodstained altar of Trog.
 14513 | Lair:1   | Noticed a spriggan berserker
 14525 | Lair:1   | Found a transporter.
 14591 | Lair:1   | Identified the +4 dagger of Labup {pain, *Rage Str+5}
 14797 | Lair:1   | Reached skill level 12 in Fighting
 15291 | Lair:2   | Noticed a death yak
 15291 | Lair:2   | Noticed a death yak
 15291 | Lair:2   | Noticed a death yak
 15291 | Lair:2   | Noticed a death yak
 15291 | Lair:2   | Noticed a death yak
 15745 | Lair:2   | Killed a death yak
 15746 | Lair:2   | Killed a death yak
 15748 | Lair:2   | Killed a death yak
 15927 | Lair:2   | Found a staircase to the Snake Pit.
 16009 | Lair:2   | Reached ***** piety under Kikubaaqudgha
 16015 | Lair:2   | Reached XP level 13. HP: 33/87 MP: 13/19
 16020 | Lair:2   | Reached skill level 13 in Fighting
 17114 | Lair:3   | Found a staircase to the Swamp.
 17858 | Lair:4   | Noticed hotpinklipstick's ghost (journeyman OpCK)
 17858 | Lair:4   | Found a runed translucent door.
 17950 | Lair:4   | Reached skill level 10 in Earth Magic
 18032 | Lair:4   | Found a viscous altar of Jiyva.
 18032 | Lair:4   | Found a staircase to the Slime Pits.
 19501 | Lair:3   | Reached skill level 14 in Fighting
 20548 | Lair:5   | Entered Level 5 of the Lair of Beasts
 20574 | Lair:3   | HP: 4/90 [death yak (16)]
 21485 | Lair:5   | Learned a level 4 spell: Animate Dead
 21590 | Lair:5   | Gained mutation: Your large and strong wings let you fly.
                  | [Gargoyle growth]
 21590 | Lair:5   | Reached XP level 14. HP: 90/96 MP: 2/20
 21732 | Lair:5   | Reached skill level 10 in Necromancy
 21882 | Lair:5   | Noticed Josephine
 21907 | Lair:5   | Killed Josephine
 21926 | Lair:5   | HP: 2/96 [cane toad (7)]
 22582 | D:1      | Bought a pair of faintly humming boots for 266 gold pieces
 22582 | D:1      | Identified the +2 pair of boots of Philately {+Blink rF-
                  | Str+2} (You bought it in a shop on level 1 of the Dungeon)
 23116 | Lair:4   | Killed hotpinklipstick's ghost
 23616 | Lair:5   | Found a burning altar of Makhleb.
 23636 | Lair:5   | Reached skill level 15 in Fighting
 24563 | Lair:5   | Reached skill level 1 in Evocations
 25272 | Lair:5   | Found a gateway to Hell.
 26042 | D:11     | You are sucked into a shaft and drop 1 floor!
 26047 | D:12     | Found Fousiv's Armour Boutique.
 26321 | D:12     | Identified the +8 long sword of Rerra {vorpal, rElec rF-
                  | rN++ rCorr}
 26394 | D:12     | Found Idoec's Armour Shoppe.
 26402 | D:12     | Bought a +0 buckler of protection for 161 gold pieces
 26575 | D:12     | Found Zeyklafur's Book Shop.
 26658 | D:12     | Found Xankadu's Assorted Antiques.
 27277 | D:12     | Found a runed translucent gate.
 27278 | D:12     | Found a runed translucent gate.
 27279 | D:12     | Found a runed translucent gate.
 27282 | D:12     | Noticed dziebel133's ghost (journeyman TrFi)
 27342 | D:12     | Found Leha's General Store.
 27609 | D:12     | Reached ****** piety under Kikubaaqudgha
 27625 | D:12     | Found a staircase to the Orcish Mines.
 27639 | D:12     | Reached skill level 1 in Shields
 27751 | Orc:1    | Entered Level 1 of the Orcish Mines
 27978 | Orc:1    | Reached XP level 15. HP: 85/103 MP: 4/21
 29006 | Orc:2    | Entered Level 2 of the Orcish Mines
 29026 | Orc:2    | Found a gate leading to a gauntlet.
 29056 | Gauntlet | Entered a Gauntlet
 29056 | Gauntlet | Identified a scroll of acquirement
 29056 | Gauntlet | Found a transporter.
 29056 | Gauntlet | Found a transporter.
 29098 | Gauntlet | Found a transporter.
 29098 | Gauntlet | Found a transporter.
 29118 | Gauntlet | Found a transporter.
 29261 | Gauntlet | Identified the ring of Dudukuh {Contam rPois rN+ rCorr
                  | Dex+2}
 29271 | Gauntlet | Acquired 998 gold pieces
 29340 | Gauntlet | Found a transporter.
 29344 | Gauntlet | Identified the ring "Bicut" {Fly rPois SInv Stlth+}
 29457 | Gauntlet | Got the Monograph on Sinister Liturgies and
                  | Transmogrification
 29471 | Gauntlet | Identified the +9 tower shield of the Prince of Darkness
                  | {rC+}
 29642 | Orc:2    | Found Modu Xed's CLEARANCE SALE!.
 29649 | Orc:2    | Bought a staff of death for 175 gold pieces
 29959 | Orc:2    | Reached skill level 5 in Spellcasting
 30449 | Orc:2    | Found Matigoin's Assorted Antiques.
 30449 | Orc:2    | Found Hathrog's General Store.
 30534 | Orc:2    | Found Icvuk's Jewellery Shop.
 30547 | Orc:2    | Found Jinaarph's Antique Weapon Boutique.
 30551 | Orc:2    | Bought a scroll of acquirement for 728 gold pieces
 30564 | Orc:2    | Found a staircase to the Elven Halls.
 30566 | Orc:2    | Noticed Snorg
 30567 | Orc:2    | Noticed Azrael
 30586 | Orc:2    | Acquired a manual of Earth Magic
 30699 | Orc:2    | Killed Snorg
 31928 | D:12     | Slain by dziebel133's ghost

Illustrated notes

Levels and vault maps discovered:
D:1:      saegor_arrival_simple_b, layout_basic, serial_shops, shop
D:2:      layout_loops_corners, hellmonk_ecumenical_altar_watching_god,
          hangedman_decor_peaks_small, uniq_sigmund
D:3:      layout_loops_ring, gammafunk_temple_overflow_pools,
          chequers_serial_rivers_small_3, kennysheep_jessica_study, uniq_ijyb,
          uniq_crazy_yiuf_cottage
D:4:      layout_rooms, overflow_temple_1_default, nicolae_specific_store
D:5:      cheibrodos_helix_gallery, layout_loops_corners,
          nicolae_uskayaw_dance_hall, serial_shops, shop, minivault_25,
          minmay_ruined_shrine, uniq_prince_ribbit1
D:6:      layout_gridville, minmay_temple_entry_overgrown, serial_shops,
          kennysheep_mini
D:7:      layout_cave_pods, mainiacjoe_overflow_small_starburst,
          amcnicky_mini_pool_medium
D:8:      layout_rooms, evilmike_ruin_ashenzari, serial_glass, glass_columns_c,
          glass_columns_c, feat_on_display, due_unseen_surprise,
          item_on_display_a, serial_shops, shop_statue
D:9:      layout_roguey
D:10:     layout_gridville, david_lair_shrubbed, special_room [special_room_orc]
D:11:     layout_basic
D:12:     layout_long_grid, erik_orc_3, gammafunk_ghost_nasty_kobolds,
          serial_shops, shop, nicolae_stop_n_shop_1, shop,
          nicolae_shop_temple_entry_statues_fountains, nicolae_shop_stone,
          grunt_ogre_cave, lemuel_flamethrower_3
Lair:1:   layout_concentric_octagons, basic_altar,
          gammafunk_ghost_wrathful_warriors, uniq_gastronok
Lair:2:   layout_cave_pods, guppyfry_snake_entry_garden, grunt_megastairs_4
Lair:3:   layout_cellular_growth, swamp_mist_pool, st_stairs_11
Lair:4:   layout_misc_corridors, nicolae_slime_entry_slimehenge,
          hellmonk_ghost_happy_afterlife, serial_bayou_shore_b,
          lemuel_fruit_tree
Lair:5:   evil_forest, layout_long_grid, grunt_megastairs_2, uniq_josephine
Orc:1:    layout_caves
Orc:2:    st_orc_mages, layout_caves, basic_altar, gauntlet_entry_generic,
          nicolae_shop_clearance, uniq_snorg, uniq_azrael

Skill      XL: |  1  2  3  4  5  6  7  8  9 10 11 12 13 14 15 |
---------------+----------------------------------------------+-----
Fighting       | 1 2 4 5 6 7 8 9 11 12 14 15 | 15.8
Poison Magic   | 5 6 7 8 9 |  9.3
Armour         | 1 3 4 6 |  6.0
Hexes          | 1 3 5 6 |  6.1
Necromancy     | 1 3 5 6 8 9 10 11 | 11.2
Spellcasting   | 4 5 |  5.3
Earth Magic    | 5 8 11 13 | 13.6
Dodging        | 3 4 |  4.0
Evocations     | 2 4 |  4.0
Shields        | 1 3 |  3.4
Stealth        | 3 |  3.4
Transmutations | |  0.7

Action                   |  1- 3 |  4- 6 |  7- 9 | 10-12 | 13-15 || total
-------------------------+-------+-------+-------+-------+-------++-------
Melee: Spear             |   182 |    82 |   220 |   398 |   704 ||  1586
       Punch             |     1 |     1 |     2 |     7 |     7 ||    18
       Staff             |       |       |       |       |   209 ||   209
 Cast: Sting             |    18 |    53 |   203 |   160 |   116 ||   550
       Poisonous Vapours |       |    12 |    29 |    34 |    29 ||   104
       Anguish           |       |       |     7 |    28 |    47 ||    82
       Olgreb's Toxic Ra |       |       |     4 |    49 |    68 ||   121
       Borgnjor's Vile C |       |       |       |    16 |   185 ||   201
       Animate Dead      |       |       |       |       |     7 ||     7
Invok: Unearth Wretches  |       |       |       |       |     2 ||     2
Evoke: Wand              |       |       |       |     1 |     2 ||     3
  Use: Scroll            |     3 |       |     9 |     2 |    17 ||    31
       Potion            |     2 |     2 |     3 |     7 |    10 ||    24
 Stab: Sleeping          |     6 |       |       |       |     3 ||     9
       Distracted        |       |       |       |     1 |     2 ||     3
       Invisible         |       |       |       |     1 |       ||     1
       Paralysed         |       |       |       |       |     4 ||     4
Armor: Robe              |    61 |    15 |       |       |   667 ||   743
       Leather armour    |       |    36 |   205 |   467 |   322 ||  1030
Dodge: Dodged            |   110 |    63 |   255 |   481 |   838 ||  1747
Block: Buckler           |       |       |       |       |   107 ||   107

Table legend: (Time is in decaauts)
 A = Elapsed time spent in this place.
 B = Non-inter-level travel time spent in this place.
 C = Inter-level travel time spent in this place.
 D = Time resting spent in this place.
 E = Time spent auto-exploring this place.
 F = Levels seen in this place.
 G = Mean time per level.
                   A        B        C        D        E       F      G
               +--------+--------+--------+--------+--------+-----+--------+
         Total |  32305 |  30348 |   1957 |   2624 |  20598 |  20 | 1615.2 |
       Dungeon |  17535 |  16485 |   1050 |   1139 |  11993 |  12 | 1461.2 |
          Lair |  11807 |  10984 |    823 |   1391 |   6848 |   5 | 2361.4 |
  Orcish Mines |   2539 |   2455 |     84 |     94 |   1472 |   2 | 1269.5 |
      Gauntlet |    424 |    424 |      0 |      0 |    285 |   1 |  424.0 |
               +--------+--------+--------+--------+--------+-----+--------+

Top non-repeatable levels by time:
  Lair:5: 2937 daAuts
    D:12: 2378 daAuts
  Lair:2: 2375 daAuts
  Lair:3: 2370 daAuts
  Lair:1: 2309 daAuts
    D:10: 1828 daAuts
     D:5: 1816 daAuts
  Lair:4: 1814 daAuts
     D:6: 1777 daAuts
     D:7: 1691 daAuts
   Orc:2: 1608 daAuts
     D:3: 1509 daAuts
    D:11: 1285 daAuts
     D:2: 1252 daAuts
     D:4: 1100 daAuts
